 Dungeon Crawl Stone Soup version 0.30.1-11-g7821555f0a (webtiles) character file.

Game seed: 8746413679992109955

1755 BigPumpCobain the Ruffian (level 8, -8/71 HPs)
             Began as a Grey Draconian Transmuter on Dec 3, 2023.
             Was an Initiate of Ru.
             Mangled by a troll (19 damage)
             ... on level 9 of the Dungeon.
             The game lasted 00:17:18 (7390 turns).

BigPumpCobain the Ruffian (DrTm)                    Turns: 7390, Time: 00:17:18

Health: -8/71      AC:  2    Str: 13    XL:     8   Next: 78%
Magic:  12/13      EV: 19    Int: 16    God:    Ru [......]
Gold:   484        SH:  0    Dex: 16    Spells: 6/14 levels left

rFire   . . .        m - melded +2 dagger (speed)
rCold   . . .        (shield currently unavailable)
rNeg    . . .        (body armour unavailable)
rPois   x            (helmet currently unavailable)
rElec   .            f - melded +1 cloak
rCorr   .            (gloves currently unavailable)
SInv    .            (boots currently unavailable)
Will    .....        (no amulet)
Stlth   +            (no ring)
HPRegen 0.31/turn    (no ring)
MPRegen 0.13/turn

%: no passive effects
@: spider-form (expiring)
A: venomous fangs, AC +11, (amphibious), tiny, unfitting armour, (cold-blooded)
a: End Transformation, Renounce Religion


You were on level 9 of the Dungeon.
You worshipped Ru.
Ru was noncommittal.
You were a venomous arachnid creature.
You visited 2 branches of the dungeon, and saw 10 of its levels.

You collected 484 gold pieces.

Inventory:

Hand Weapons
 h - a +0 short sword
 m - a +2 dagger of speed (melded)
 q - a +0 falchion of freezing
 y - a +0 short sword of venom
Armour
 f - a +1 cloak (melded)
 A - a +0 pair of boots
Jewellery
 n - the ring "Wigisur" {Wiz rC++ rN+++ MP-9 Str-3}
   (You found it on level 2 of the Dungeon)

   [ring of wizardry]

   It improves your spell success rate.
   Str:       It affects your strength (-3).
   rC:        It greatly protects you from cold.
   rN:        It renders you almost immune to negative energy.
   MP:        It affects your magic capacity (-9).
 o - a ring of fire
Wands
 u - a wand of polymorph (8)
 C - a wand of acid (10)
Scrolls
 a - 3 scrolls of fear {unknown}
 g - a scroll of torment
 i - 2 scrolls of vulnerability
 j - 9 scrolls of identify
 r - 3 scrolls of enchant weapon
 t - a scroll of amnesia {unknown}
 w - a scroll of immolation {unknown}
 x - a scroll of magic mapping {unknown}
Potions
 b - a potion of resistance {unknown}
 c - 2 potions of magic {unknown}
 d - 7 potions of mutation
 e - 8 potions of heal wounds {unknown}
 k - 3 potions of brilliance
 l - 2 potions of might {unknown}
 p - a potion of curing
 s - 2 potions of flight {unknown}
 v - a potion of invisibility {unknown}
 z - a potion of attraction {unknown}
 B - a potion of ambrosia {unknown}


   Skills:
 + Level 6.7 Fighting
 - Level 1.7 Dodging
 + Level 6.9 Unarmed Combat
 - Level 3.7 Spellcasting
 + Level 6.5 Transmutations


You had 6 spell levels left.
You knew the following spells:

 Your Spells              Type           Power      Damage    Failure   Level
a - Beastly Appendage     Tmut           46%        N/A       6%          1
b - Spider Form           Tmut/Pois      13%        N/A       32%         3
c - Ice Form              Ice/Tmut       13%        N/A       63%         4

Your spell library contained the following spells:

 Spells                   Type           Power      Damage    Failure   Level
 Wereblood                Tmut           23%        N/A       8%          2
 Passwall                 Tmut/Erth      10%        N/A       19%         2
 Necrotise                Necr           8%         1d4       36%         1
 Ignite Poison            Fire/Tmut/Pois 9%         N/A       43%         3
 Ensorcelled Hibernation  Hex/Ice        4%         N/A       47%         2
 Sublimation of Blood     Necr           2%         N/A       47%         2
 Petrify                  Tmut/Erth      13%        N/A       63%         4
 Swiftness                Air            2%         N/A       67%         3
 Volatile Blastmotes      Fire/Tloc      4%         2d10      67%         3
 Irradiate                Conj/Tmut      6%         3d13      90%         5


Dungeon Overview and Level Annotations

Branches:
Dungeon (9/15)             Temple (1/1) D:7
   Lair: D:8-11         Orc: D:9-12

Altars:
Ashenzari
Cheibriados
Dithmenos
Elyvilon
Fedhas
Gozag
Hepliaklqana
Kikubaaqudgha
Makhleb
Nemelex Xobeh
Okawaru
Qazlal
Ru
Sif Muna
Trog
Uskayaw
Vehumet
Xom
Yredelemnul
Zin
The Shining One


Innate Abilities, Weirdness & Mutations

You are a venomous arachnid creature.
You have venomous fangs.
You are tiny and dextrous.
Your spellcasting is less reliable in this form.
Your armour is entirely melded.
You are incapable of wielding weapons or throwing items.
((Your dull iron-grey scales are very hard. (AC +11)))
((You are amphibious.))
You cannot fit into any form of body armour.
((You are cold-blooded and may be slowed by cold attacks.))


Message History

You barely miss the troll. The troll barely misses you.
The troll closely misses you. The troll claws you!
You bite the troll!
The troll is poisoned.
The troll is moderately wounded.
The troll bites you! The troll claws you. The troll claws you!
You barely miss the troll.
The troll is moderately wounded.
Your transformation is almost over.
The troll misses you. The troll claws you!
* * * LOW HITPOINT WARNING * * *
The troll closely misses you.
The centaur warrior unwields a +0 shortbow.
The centaur warrior barely misses you.
The centaur warrior kicks you but does no damage.
You climb downwards.
There is a stone staircase leading up here.
You hit the troll.
The troll looks as sick as possible!
The troll is heavily wounded.
The troll bites you!
* * * LOW HITPOINT WARNING * * *
The troll misses you. The troll barely misses you.
You hit the troll.
The troll looks as sick as possible!
The troll is heavily wounded.
The troll completely misses you. The troll closely misses you.
The troll barely misses you.
You feel better. The troll closely misses you. The troll misses you.
The troll closely misses you.
You hit the troll.
The troll is severely wounded.
The troll completely misses you. The troll claws you.
* * * LOW HITPOINT WARNING * * *
The troll claws you.
* * * LOW HITPOINT WARNING * * *
You hit the troll but do no damage.
The troll looks as sick as possible!
The troll is severely wounded.
The troll bites you!
* * * LOW HITPOINT WARNING * * *
The troll barely misses you. x2
You feel better. The troll bites you!!
You die...

# ...
####..#
#sT...#
#####.#


You could see a troll (extremely poisoned).

Vanquished Creatures
  Sigmund (D:3)
  A wyvern (D:6)
  A steam dragon (D:5)
  A water moccasin (D:3)
  A sky beast (D:7)
  2 ogres
  A centaur (D:8)
  A kobold brigand (D:6)
  2 bullfrogs
  3 wights (D:7)
  A howler monkey (D:5)
  6 hounds
  4 iguanas
  5 gnolls
  5 adders
  2 shadow imps (D:5)
  2 white imps
  2 ufetubi
  2 worms
  A dart slug (D:5)
  4 orcs
  3 endoplasms
  2 giant cockroaches
  9 goblins
  9 hobgoblins
  11 jackals
  14 kobolds
  6 quokkas
  7 ball pythons
  4 bats
  5 frilled lizards
  7 rats
125 creatures vanquished.

Notes
Turn   | Place    | Note
-------+----------+-------------------------------------------
     0 | D:1      | BigPumpCobain the Draconian Transmuter began the quest for
                  | the Orb.
     0 | D:1      | Reached XP level 1. HP: 16/16 MP: 3/3
   204 | D:1      | Reached XP level 2. HP: 21/23 MP: 3/5
   473 | D:1      | Reached XP level 3. HP: 29/29 MP: 4/6
   850 | D:1      | Found a faded altar of an unknown god.
  1370 | D:2      | Reached XP level 4. HP: 36/36 MP: 6/8
  1523 | D:2      | Identified the ring "Wigisur" {Wiz rC++ rN+++ MP-9 Str-3}
  2046 | D:3      | Learned a level 3 spell: Spider Form
  2237 | D:3      | Noticed a water moccasin
  2252 | D:3      | Killed a water moccasin
  2253 | D:3      | Reached XP level 5. HP: 3/44 MP: 6/9
  2802 | D:3      | Reached XP level 6. HP: 47/51 MP: 8/11
  2873 | D:3      | Noticed Sigmund
  2890 | D:3      | Killed Sigmund
  3393 | D:4      | Got the Parchment of Red Diablerie
  3554 | D:4      | Found a shimmering altar of Xom.
  3554 | D:4      | Found a bloodstained altar of Trog.
  3894 | D:5      | Entered Level 5 of the Dungeon
  3953 | D:5      | You fall into a shaft and drop 3 floors!
  4010 | D:7      | Your scales start taking on a dull iron-grey colour.
  4010 | D:7      | Reached XP level 7. HP: 36/59 MP: 9/12
  4407 | D:5      | Reached skill level 5 in Unarmed Combat
  4789 | D:5      | Noticed a steam dragon
  4808 | D:5      | Killed a steam dragon
  4809 | D:5      | Reached skill level 5 in Fighting
  4809 | D:5      | Reached skill level 5 in Transmutations
  5375 | D:6      | Noticed a wyvern
  5381 | D:6      | Killed a wyvern
  5382 | D:6      | Reached XP level 8. HP: 67/69 MP: 9/13
  5413 | D:6      | Learned a level 4 spell: Ice Form
  5757 | D:6      | Found a white marble altar of Elyvilon.
  5758 | D:6      | Found a glowing golden altar of the Shining One.
  5760 | D:6      | Found a glowing silver altar of Zin.
  6867 | D:7      | Found a staircase to the Ecumenical Temple.
  7156 | Temple   | Entered the Ecumenical Temple
  7188 | Temple   | Became a worshipper of Ru the Awakened
  7371 | D:8      | Noticed a troll
  7372 | D:8      | Noticed a centaur warrior
  7372 | D:8      | Noticed a slime creature
  7389 | D:9      | HP: 2/71 [troll (13)]
  7390 | D:9      | Mangled by a troll

Illustrated notes

Levels and vault maps discovered:
D:1:      ncdulo_lavacross, layout_basic,
          dreamdust_ecumenical_altar_hidden_monk_grotto, minivault_19,
          minmay_3d_cube
D:2:      layout_basic, hangedman_feature_mirror
D:3:      layout_loops_cross, kennysheep_generic_room_7, uniq_sigmund
D:4:      layout_basic, gammafunk_temple_overflow_wave, small_statue_alley_b
D:5:      layout_basic, hangedman_decor_opposing, kennysheep_doodads
D:6:      layout_rooms, good_gods_temple_1, serial_demonic, serial_demonic_b,
          serial_demonic_g, serial_demonic_f, serial_demonic_c
D:7:      layout_basic, minmay_temple_entry_poolview
D:8:      minmay_cut_squares, layout_gridville
D:9:      layout_basic, kennysheep_mini_moat, minmay_radiant
Temple:   lightli_temple_of_artemis

Skill      XL: |  1  2  3  4  5  6  7  8 |
---------------+-------------------------+-----
Fighting       | 2 3 4 5 6 |  6.7
Transmutations | 3 4 5 6 |  6.5
Unarmed Combat | 4 5 6 |  6.9
Spellcasting   | 3 |  3.7
Dodging        | |  1.7

Action                     |  1- 3 |  4- 6 |  7- 9 || total
---------------------------+-------+-------+-------++-------
  Melee: Unarmed           |   104 |    80 |   138 ||   322
         Kick              |    16 |    14 |     3 ||    33
         Headbutt          |    12 |     9 |     1 ||    22
         Tailslap          |    12 |     9 |     4 ||    25
         Dagger            |       |    71 |    48 ||   119
         Punch             |       |       |     1 ||     1
   Cast: Beastly Appendage |    23 |    17 |     1 ||    41
         Spider Form       |       |    17 |    20 ||    37
    Use: Scroll            |     1 |     6 |       ||     7
         Potion            |       |       |     4 ||     4
   Stab: Sleeping          |       |       |     1 ||     1
 Armour: Skin              |    32 |    23 |    37 ||    92
  Dodge: Dodged            |    57 |    97 |   155 ||   309
